Map: Ruins of Seras

Players

MorN - Winner!

  • Race: Terran Terran
  • League: Master

BumbleBaby

  • Race: Terran Terran
  • League: Master

VOD

Have the link to the VOD?

Description

Time

  • Played on: Dec. 7, 2015, 2:38 a.m.
  • Length: 8:50
Show
View Real Time Build Order
Export as new Build Order

MorN Terran - Winner!

Build Orders: 1/1/1, Banshee Rush 

Get SALT Encoding   

  12  0:00  SCV  
  13  0:12  SCV  
  14  0:18  Supply Depot  
  14  0:24  SCV  
  15  0:28  Refinery  
  15  0:42  Barracks  
  15  0:47  SCV  
  16  0:51  Refinery  
  16  0:59  SCV  
  17  1:11  SCV  
  18  1:24  SCV  
  19  1:32  Reaper  
  20  1:33  Factory  
  20  1:44  Orbital Command  
  20  1:55  Supply Depot  
  20  2:04  Reaper  
  21  2:10  SCV  
  22  2:20  Starport  
  22  2:26  Hellion  
  24  2:33  SCV  
  25  2:37  Barracks Tech Lab  
  25  2:46  SCV  
  25  2:47  Hellion  
  28  2:51  Supply Depot  
  28  3:00  SCV  
  28  3:04  Barracks Reactor  
  29  3:10  Cloaking Field  
  29  3:13  Banshee  
  29  3:17  SCV  
  33  3:28  Factory Tech Lab  
  33  3:43  Marine  
  33  3:44  Marine  
  34  3:56  Siege Tank, Raven  
  39  4:03  Command Center  
  39  4:12  Supply Depot  
  39  4:34  Marine x2  
  41  4:48  Viking  
  41  4:51  Marine x2  
  45  5:04  Siege Tank  
  45  5:06  SCV  
  45  5:09  Marine  
  45  5:10  Marine  
  46  5:18  SCV  
  46  5:25  Engineering Bay, Orbital Command  
  46  5:30  SCV  
  47  5:36  Barracks  
  47  5:38  Barracks, Starport Reactor  
  47  5:48  SCV  
  47  5:49  Stimpack  
  48  5:56  Terran Infantry Weapons Level 1  
  48  5:57  Missile Turret x2  
  48  6:00  Marine  
  48  6:03  Siege Tank  
  52  6:06  SCV  
  53  6:12  Supply Depot  
  53  6:17  Marine  
  54  6:20  Medivac x2  
  55  6:35  Marine  
  56  6:41  Marine x3  
  56  6:45  SCV  
  60  6:53  Marine  
  56  6:59  Marine x3  
  57  7:11  Marine  
  57  7:14  SCV  
  56  7:16  Marine  
  56  7:17  Marine  
  56  7:18  Siege Tank  
  62  7:22  SCV  
  62  7:26  SCV, Barracks Reactor  
  62  7:27  Medivac x2  
  62  7:29  Marine  
  67  7:34  SCV  
  67  7:36  Marine  
  69  7:39  SCV  
  69  7:41  Supply Depot  
  66  7:47  SCV  
  66  7:51  SCV  
  68  7:59  SCV  
  68  8:03  SCV, Siege Tank  
  73  8:11  SCV  
  74  8:15  SCV  
  74  8:16  Command Center  
  66  8:46  Refinery  
Show
View Real Time Build Order
Export as new Build Order

BumbleBaby Terran 

Build Orders: Banshee Rush 

Get SALT Encoding   

  12  0:00  SCV  
  13  0:13  SCV  
  14  0:22  Supply Depot  
  14  0:26  SCV  
  15  0:34  Refinery  
  15  0:44  SCV  
  15  0:49  Barracks  
  16  0:56  SCV  
  17  1:10  SCV  
  18  1:36  Orbital Command  
  18  1:37  Marine  
  19  1:52  Bunker  
  19  1:56  Factory  
  19  1:58  Marine  
  20  2:02  SCV  
  21  2:15  SCV  
  23  2:25  Supply Depot  
  23  2:27  SCV  
  23  2:30  Refinery  
  23  2:37  Supply Depot  
  23  2:41  Starport  
  23  2:42  Factory Tech Lab  
  23  2:47  SCV, Marine  
  25  3:07  Marine  
  25  3:08  Command Center  
  26  3:21  SCV  
  26  3:25  Marine  
  26  3:26  Banshee, Cloaking Field  
  31  3:41  SCV  
  31  3:43  Marine  
  31  3:47  Factory Reactor  
  33  4:07  Marine  
  34  4:10  Viking  
  34  4:14  Engineering Bay  
  36  4:18  SCV  
  35  4:24  Marine  
  35  4:26  Orbital Command  
  35  4:30  SCV  
  36  4:43  Missile Turret  
  32  4:47  SCV  
  31  4:54  SCV  
  31  4:56  Raven, Marine  
  34  5:05  SCV  
  33  5:07  SCV  
  33  5:14  Marine  
  34  5:17  SCV  
  36  5:30  Factory Tech Lab  
  36  5:37  Liberator  
  36  5:45  SCV  
  37  5:50  Viking  
  37  5:52  Orbital Command  
  42  6:02  SCV  
  43  6:14  SCV  
  43  6:16  Siege Tank  
  47  6:23  Viking  
  49  6:26  SCV  
  51  6:38  SCV  
  51  6:56  Liberator  
  51  7:05  SCV  
  51  7:06  Viking  
  54  7:21  SCV, Marine  
  53  7:30  Barracks  
  53  7:31  Barracks, Orbital Command  
  53  7:32  Barracks x2  
  53  7:33  SCV  
  54  7:55  Supply Depot  
  54  7:56  Supply Depot  
  54  7:57  Supply Depot  
  54  7:58  Supply Depot  
  54  8:01  SCV x2, Siege Tank  
  59  8:13  SCV  
  59  8:14  Marine  
  58  8:29  SCV x2  
  58  8:31  Marine  
Tags
 
Add a new tag
Caveats
  • Supply blocks, unpowered buildings, or Contaminate may cause inaccurate times.
  • Supply counts are checked every 10 seconds.